[Event "ICC tourney 2395 (75 10)"]
[Site "Internet Chess Club"]
[Date "2021.02.20"]
[Round "2"]
[White "sganzb00"]
[Black "chessprogidy"]
[Result "0-1"]
[ICCResult "White checkmated"]
[WhiteElo "1461"]
[BlackElo "1341"]
[Opening "Sicilian: dragon variation"]
[ECO "B70"]
[NIC "SI.15"]
[Time "14:32:16"]
[PlyCount "116"]
[TimeControl "4500+10"]

1. e4 c5 2. Nf3 d6 3. d4 cxd4 4. Nxd4 Nf6 5. Nc3 g6 6. Bb5+ Bd7 7. O-O Bg7
8. Be3 a6 9. Be2 O-O 10. Qd2 Nc6 11. Nb3 b5 12. a3 Re8 13. Rad1 Rb8 14. f4
Ng4 15. f5 Nxe3 16. Qxe3 Ne5 17. Kh1 Nc4 18. Bxc4 bxc4 19. Nd4 Qb6 20. Rb1
Qxd4 21. Qxd4 Bxd4 22. Nd1 Rb7 23. c3 Bg7 24. Ne3 Rc8 25. Nd5 Kf8 26. fxg6
hxg6 27. Nf4 Ke8 28. Nd5 Be6 29. Nf4 Rcb8 30. Nxe6 fxe6 31. b4 cxb3 32. Rf3
b2 33. Rg3 Rb3 34. Rxg6 Rxc3 35. h4 Rc1+ 36. Kh2 Kf8 37. Rxb2 Rxb2 38. Rxe6
Be5+ 39. Kh3 Rh1+ 40. Kg4 Rxg2+ 41. Kh5 Rhg1 42. Rh6 Rg8 43. a4 Rh1 44. a5
Rh8 45. Rxh8+ Bxh8 46. Kg4 Bg7 47. h5 Bh6 48. Kf5 Rxh5+ 49. Kg6 Rxa5 50.
Kxh6 Re5 51. Kg6 a5 52. Kh6 a4 53. Kg6 a3 54. Kh6 a2 55. Kg6 a1=Q 56. Kh6
Qc1+ 57. Kg6 Qg5+ 58. Kh7 Qg7# { White checkmated } 0-1

[Event "ICC tourney 2395 (75 10)"]
[Site "Internet Chess Club"]
[Date "2021.02.20"]
[Round "2"]
[White "Jesserocks135"]
[Black "LOCHAR"]
[Result "0-1"]
[ICCResult "White resigns"]
[WhiteElo "1364"]
[BlackElo "1554"]
[Opening "Old Indian defense"]
[ECO "A42"]
[NIC "OI.07"]
[Time "14:32:13"]
[PlyCount "72"]
[TimeControl "4500+10"]

1. d4 d6 2. c4 e5 3. dxe5 dxe5 4. Qxd8+ Kxd8 5. Nc3 Be6 6. Nf3 f6 7. e4 Nd7
8. Be3 Bb4 9. Be2 Bxc3+ 10. bxc3 c5 11. O-O Ne7 12. Rfd1 Kc7 13. Nd2 Rad8
14. Nb3 b6 15. a4 a5 16. Rab1 Nb8 17. f4 Rxd1+ 18. Rxd1 Nbc6 19. h3 Rd8 20.
Rf1 Nc8 21. g4 Nd6 22. Nd2 Nf7 23. Kg2 h6 24. f5 Bd7 25. h4 Ne7 26. Rh1
Bxa4 27. g5 Bc6 28. Bh5 Nd6 29. gxf6 gxf6 30. Bf3 Ng8 31. Kf2 Nc8 32. Rg1
Nce7 33. Rg6 Nxg6 34. fxg6 a4 35. g7 Rd7 36. Bxh6 Nxh6 { White resigns }
0-1

[Event "ICC tourney 2395 (75 10)"]
[Site "Internet Chess Club"]
[Date "2021.02.20"]
[Round "2"]
[White "Fredzhang"]
[Black "Deepbrainfinal"]
[Result "1-0"]
[ICCResult "Black checkmated"]
[WhiteElo "1499"]
[BlackElo "1415"]
[Opening "Sicilian: Scheveningen variation"]
[ECO "B80"]
[NIC "SI.19"]
[Time "14:32:21"]
[PlyCount "85"]
[TimeControl "4500+10"]

1. e4 c5 2. Nf3 d6 3. d4 cxd4 4. Nxd4 Nf6 5. Nc3 e6 6. Be3 Be7 7. Bb5+ Bd7
8. Bxd7+ Nbxd7 9. O-O a6 10. a3 O-O 11. f4 Re8 12. Qf3 e5 13. fxe5 Nxe5 14.
Qf4 Nh5 15. Qf2 Nf6 16. Nf5 Bf8 17. Bd4 Nc6 18. Bb6 Qd7 19. Rad1 Nxe4 20.
Nxe4 Rxe4 21. Qg3 Re6 22. Ne3 Rg6 23. Qf2 Rf6 24. Qg3 Rxf1+ 25. Rxf1 Qe6
26. c4 Ne5 27. Nd5 Rc8 28. b3 Qg6 29. Qxg6 Nxg6 30. g4 Re8 31. Kf2 Re4 32.
Kf3 Re5 33. h3 f5 34. Bd4 fxg4+ 35. hxg4 Re8 36. Rd1 Ne5+ 37. Bxe5 dxe5 38.
Ra1 e4+ 39. Ke2 Kf7 40. Rf1+ Kg6 41. Rf5 Bxa3 42. Nf4+ Kh6 43. g5# { Black
checkmated } 1-0

[Event "ICC tourney 2395 (75 10)"]
[Site "Internet Chess Club"]
[Date "2021.02.20"]
[Round "2"]
[White "skilledwolf"]
[Black "niftyfountain"]
[Result "1-0"]
[ICCResult "Black resigns"]
[WhiteElo "1531"]
[BlackElo "1330"]
[Opening "Sicilian"]
[ECO "B56"]
[NIC "SI.25"]
[Time "14:32:12"]
[PlyCount "79"]
[TimeControl "4500+10"]

1. e4 c5 2. Nf3 d6 3. d4 cxd4 4. Nxd4 Nf6 5. Nc3 Nc6 6. f3 e6 7. Bc4 Be7 8.
Bb3 O-O 9. Be3 a6 10. O-O Bd7 11. Qd2 Nxd4 12. Qxd4 Bc6 13. Rfd1 Qc7 14.
Qd2 Rfd8 15. Qf2 Qc8 16. Rd2 b5 17. Rad1 Qb7 18. Bf4 e5 19. Bg5 h6 20. Bxf6
gxf6 21. Bd5 Bxd5 22. Nxd5 Kh7 23. Qh4 Kg7 24. Qg4+ Kh7 25. Qf5+ Kg7 26.
Rd3 Rac8 27. R1d2 Rc6 28. Rc3 Rxc3 29. Nxc3 Qd7 30. Qxd7 Rxd7 31. Nd5 Kf8
32. Rd3 Ke8 33. Ra3 Ra7 34. Rxa6 Rxa6 35. Nc7+ Kd7 36. Nxa6 Kc6 37. Nb4+
Kc5 38. Nd5 Bd8 39. g4 Kd4 40. Kg2 { Black resigns } 1-0

[Event "ICC tourney 2395 (75 10)"]
[Site "Internet Chess Club"]
[Date "2021.02.20"]
[Round "2"]
[White "LW-PE"]
[Black "jojoraman"]
[Result "1-0"]
[ICCResult "Black checkmated"]
[WhiteElo "1485"]
[BlackElo "1379"]
[Opening "Ruy Lopez: Archangelsk (counterthrust) variation"]
[ECO "C78"]
[NIC "RL.12"]
[Time "14:32:13"]
[PlyCount "65"]
[TimeControl "4500+10"]

1. e4 e5 2. Nf3 Nc6 3. Bb5 a6 4. Ba4 Nf6 5. O-O b5 6. Bb3 Bb7 7. Re1 Bc5 8.
c3 Bb6 9. d3 O-O 10. Be3 Bxe3 11. fxe3 Re8 12. Nbd2 d6 13. Nf1 h6 14. Ng3
b4 15. Ba4 bxc3 16. bxc3 Rf8 17. d4 exd4 18. exd4 Rb8 19. Qd3 Re8 20. Qf1
Nd7 21. Rad1 Qc8 22. Nh4 Na5 23. Nhf5 Bc6 24. Bxc6 Nxc6 25. Nh5 g6 26. Qf4
g5 27. Nxh6+ Kh7 28. Qxf7+ Kxh6 29. Qg7+ Kxh5 30. Qh7+ Kg4 31. h3+ Kf4 32.
Qf5+ Kg3 33. Qf2# { Black checkmated } 1-0

[Event "ICC tourney 2395 (75 10)"]
[Site "Internet Chess Club"]
[Date "2021.02.20"]
[Round "2"]
[White "sassymareese"]
[Black "BoboTheBox"]
[Result "1/2-1/2"]
[ICCResult "Game drawn by mutual agreement"]
[WhiteElo "1380"]
[BlackElo "1395"]
[Opening "French: exchange variation"]
[ECO "C01"]
[NIC "FR.01"]
[Time "14:32:11"]
[PlyCount "78"]
[TimeControl "4500+10"]

1. e4 e6 2. d4 d5 3. exd5 exd5 4. c4 Nf6 5. Nc3 Be6 6. c5 Be7 7. Nf3 O-O 8.
Be2 b6 9. cxb6 axb6 10. O-O c6 11. Ne5 Qc7 12. Bf4 Bd6 13. Bg3 Nbd7 14.
Nxd7 Qxd7 15. Bxd6 Qxd6 16. Re1 Rfe8 17. Bf3 h6 18. Qd3 Bg4 19. Rxe8+ Rxe8
20. h3 Bxf3 21. Qxf3 Qb4 22. Qd1 Qxb2 23. Na4 Qb4 24. Rb1 Qa3 25. Rxb6 Ne4
26. Rxc6 Qxa2 27. Qc2 Qa1+ 28. Kh2 Qxd4 29. Rc8 Qe5+ 30. Kg1 Kf8 31. Nb6
Nf6 32. Qc5+ Qe7 33. Nxd5 Nxd5 34. Rxe8+ Kxe8 35. Qxd5 Qe1+ 36. Kh2 Qxf2
37. Qe5+ Kf8 38. Qb8+ Ke7 39. Qe5+ Kf8 { Game drawn by mutual agreement }
1/2-1/2

[Event "ICC tourney 2395 (75 10)"]
[Site "Internet Chess Club"]
[Date "2021.02.20"]
[Round "2"]
[White "jacobsperber"]
[Black "phosur"]
[Result "1-0"]
[ICCResult "Black resigns"]
[WhiteElo "1447"]
[BlackElo "1301"]
[Opening "QGD: Orthodox defense, Botvinnik variation"]
[ECO "D60"]
[NIC "QO.12"]
[Time "14:32:10"]
[PlyCount "59"]
[TimeControl "4500+10"]

1. d4 d5 2. c4 e6 3. Nc3 Nf6 4. Bg5 Be7 5. Nf3 O-O 6. e3 Nbd7 7. Bd3 dxc4
8. Bxc4 c5 9. O-O a6 10. a4 b6 11. Re1 Bb7 12. Bb3 Re8 13. Qe2 Nf8 14. Rad1
Qc7 15. Ne5 Ng6 16. Nxg6 hxg6 17. Bf4 Qc6 18. d5 exd5 19. Nxd5 Rad8 20.
Nxe7+ Rxe7 21. Rxd8+ Kh7 22. f3 Nh5 23. Bg5 Re5 24. h4 Ng3 25. Qd2 c4 26.
Rf8 Rd5 27. Qf2 cxb3 28. Qxg3 Qc2 29. Qb8 Bc8 30. Rxc8 { Black resigns }
1-0

[Event "ICC tourney 2395 (75 10)"]
[Site "Internet Chess Club"]
[Date "2021.02.20"]
[Round "2"]
[White "akshajp"]
[Black "missqueen"]
[Result "1/2-1/2"]
[ICCResult "Game drawn by mutual agreement"]
[WhiteElo "1392"]
[BlackElo "1310"]
[Opening "Queen's pawn: Chigorin variation"]
[ECO "D00"]
[NIC "QP.08"]
[Time "14:32:56"]
[PlyCount "102"]
[TimeControl "4500+10"]

1. d4 d5 2. Nc3 Nf6 3. Bf4 Bf5 4. Nf3 Nc6 5. e3 e6 6. Bd3 Bg6 7. a3 Bd6 8.
Bg3 Qe7 9. Bb5 Qd7 10. Bxd6 cxd6 11. Qe2 a6 12. Bxc6 Qxc6 13. O-O Ne4 14.
Nxe4 Bxe4 15. Rfc1 Rc8 16. c3 Qc4 17. Qxc4 dxc4 18. Nd2 Bg6 19. e4 Kd7 20.
f3 Rhe8 21. Re1 d5 22. Rad1 b5 23. Rc1 h5 24. b4 Bh7 25. Ra1 Ra8 26. a4 Kd6
27. Kf2 f5 28. e5+ Kd7 29. f4 Ke7 30. Nf3 Bg8 31. a5 Kf7 32. Ng5+ Kg6 33.
Re3 h4 34. Rh3 Kh5 35. g3 Kg6 36. Rxh4 Bf7 37. Kf3 Rh8 38. Rxh8 Rxh8 39.
Nxf7 Kxf7 40. h4 g6 41. Rh1 Rh6 42. g4 Rh7 43. h5 gxh5 44. gxh5 Rh8 45. h6
Kg6 46. Rg1+ Kxh6 47. Rh1+ Kg7 48. Rxh8 Kxh8 49. Kg3 Kg7 50. Kh4 Kh6 51.
Kg3 Kg7 { Game drawn by mutual agreement } 1/2-1/2

[Event "ICC tourney 2395 (75 10)"]
[Site "Internet Chess Club"]
[Date "2021.02.20"]
[Round "2"]
[White "MathMonkey"]
[Black "FlowingMelody"]
[Result "0-1"]
[ICCResult "White checkmated"]
[WhiteElo "1332"]
[BlackElo "1402"]
[Opening "Giuoco Piano"]
[ECO "C54"]
[NIC "IG.02"]
[Time "14:32:11"]
[PlyCount "150"]
[TimeControl "4500+10"]

1. e4 e5 2. Nf3 Nc6 3. Bc4 Bc5 4. c3 Nf6 5. d4 exd4 6. cxd4 Bb4+ 7. Nc3
Nxe4 8. O-O Bxc3 9. bxc3 O-O 10. d5 Na5 11. Bd3 Nf6 12. Bg5 h6 13. Bh4 d6
14. Qa4 b6 15. Qd4 Nb7 16. Bxf6 Qxf6 17. Qxf6 gxf6 18. Nh4 Nc5 19. Bb5 Bb7
20. Nf5 Kh7 21. Rad1 a6 22. Bd3 Nxd3 23. Rxd3 Bc8 24. Ne7 Re8 25. Nxc8
Raxc8 26. Rh3 Re5 27. Rd1 Rg8 28. g3 Rge8 29. Rd4 Re4 30. Rh4 Rxh4 31. Rxh4
Re5 32. Rc4 Rxd5 33. Rxc7 Kg6 34. Rc6 Ra5 35. Rxb6 Rxa2 36. Rxd6 Rc2 37.
Rxa6 Rxc3 38. Kg2 Rb3 39. f4 Rb2+ 40. Kh3 Rc2 41. g4 Rc3+ 42. Kh4 Rc2 43.
f5+ Kg7 44. h3 Rc3 45. Ra1 Rd3 46. Rh1 Rc3 47. Kh5 Rd3 48. h4 Rd8 49. g5
hxg5 50. Kg4 gxh4 51. Rxh4 Rh8 52. Rxh8 Kxh8 53. Kf4 Kh7 54. Ke4 Kh6 55.
Kd5 Kg5 56. Ke4 Kg4 57. Ke3 Kxf5 58. Kf3 Ke5 59. Kf2 Kf4 60. Kf1 f5 61. Kf2
f6 62. Kf1 Kf3 63. Kg1 Ke2 64. Kg2 f4 65. Kh3 f3 66. Kg4 f2 67. Kf5 f1=Q+
68. Kg6 Qg2+ 69. Kxf6 Qe4 70. Kg5 Qf3 71. Kh6 Qg3 72. Kh5 Kf3 73. Kh6 Qg8
74. Kh5 Qg7 75. Kh4 Qg4# { White checkmated } 0-1

[Event "ICC tourney 2395 (75 10)"]
[Site "Internet Chess Club"]
[Date "2021.02.20"]
[Round "2"]
[White "awakeprize"]
[Black "NYHernandez"]
[Result "1-0"]
[ICCResult "Black checkmated"]
[WhiteElo "1478"]
[BlackElo "1335"]
[Opening "Sicilian defense"]
[ECO "B30"]
[NIC "SI.31"]
[Time "14:32:14"]
[PlyCount "117"]
[TimeControl "4500+10"]

1. e4 c5 2. Nf3 Nc6 3. c3 g6 4. d4 cxd4 5. cxd4 Bg7 6. Nc3 d6 7. Bc4 e6 8.
O-O Nf6 9. d5 exd5 10. exd5 Ne5 11. Nxe5 dxe5 12. Re1 O-O 13. Bg5 Re8 14.
Qd2 Qc7 15. Bb3 Bf5 16. d6 Qb6 17. Nd5 Nxd5 18. Bxd5 Be6 19. d7 Rf8 20.
Bxe6 fxe6 21. d8=Q Raxd8 22. Bxd8 Rxd8 23. Qc2 Rf8 24. Re2 Rd8 25. Rd1 Qc7
26. Rxd8+ Qxd8 27. Rd2 Qf8 28. Qc7 Bf6 29. Qxb7 Bg5 30. Rc2 Bd8 31. Qd7 Qe7
32. Qxe7 Bxe7 33. Rc7 Bf6 34. Rxa7 e4 35. b4 Bc3 36. b5 Bd4 37. Rd7 Bb6 38.
Rd6 Bc5 39. Rxe6 Kf7 40. Rc6 Bd4 41. b6 e3 42. fxe3 Bxe3+ 43. Kf1 Bf4 44.
b7 Bb8 45. Rc8 Be5 46. b8=Q Bxb8 47. Rxb8 h5 48. a4 g5 49. a5 g4 50. a6 h4
51. a7 g3 52. a8=Q gxh2 53. Rb7+ Ke6 54. Qa6+ Kd5 55. Rb5+ Kd4 56. Qa4+ Ke3
57. Rb3+ Kd2 58. Qa2+ Kd1 59. Rb1# { Black checkmated } 1-0

[Event "ICC tourney 2395 (75 10)"]
[Site "Internet Chess Club"]
[Date "2021.02.20"]
[Round "2"]
[White "JavierDix"]
[Black "ChalsparoV"]
[Result "0-1"]
[ICCResult "White resigns"]
[WhiteElo "1422"]
[BlackElo "1591"]
[Opening "Queen's bishop game"]
[ECO "D02"]
[NIC "QP.08"]
[Time "14:32:28"]
[PlyCount "92"]
[TimeControl "4500+10"]

1. d4 d5 2. Nf3 Nf6 3. Bf4 c5 4. e3 Nc6 5. c3 Qb6 6. dxc5 Qxb2 7. Nbd2 Bf5
8. Qc1 Qxc1+ 9. Rxc1 Nd7 10. Nd4 Bg6 11. Nxc6 bxc6 12. Nb3 e5 13. Bg3 a5
14. a4 f6 15. c4 Nxc5 16. Nxc5 Bxc5 17. cxd5 Bb4+ 18. Ke2 cxd5 19. f3 O-O
20. Kf2 Be8 21. Bb5 Bxb5 22. axb5 Rfb8 23. f4 exf4 24. Bxf4 Rxb5 25. Rb1
Rc5 26. Rhd1 Kf7 27. Kf3 Ke6 28. h4 Rf8 29. Kg4 Rc4 30. Rdc1 Rfc8 31. Rxc4
dxc4 32. Kf3 c3 33. e4 c2 34. Rf1 Ba3 35. Bc1 Bxc1 36. Rxc1 a4 37. Ke3 Ke5
38. Kd2 a3 39. Rxc2 Rxc2+ 40. Kxc2 Kxe4 41. Kb3 Kf4 42. Kxa3 Kg3 43. h5 h6
44. Kb4 f5 45. Kc4 f4 46. Kd4 Kxg2 { White resigns } 0-1

[Event "ICC tourney 2395 (75 10)"]
[Site "Internet Chess Club"]
[Date "2021.02.20"]
[Round "2"]
[White "Yakshwag"]
[Black "RatislavK"]
[Result "1/2-1/2"]
[ICCResult "Game drawn by mutual agreement"]
[WhiteElo "1382"]
[BlackElo "1482"]
[Opening "Sicilian: Pelikan, Chelyabinsk variation"]
[ECO "B33"]
[NIC "SI.37"]
[Time "14:32:12"]
[PlyCount "91"]
[TimeControl "4500+10"]

1. e4 c5 2. Nf3 Nc6 3. d4 cxd4 4. Nxd4 Nf6 5. Nc3 e5 6. Ndb5 d6 7. Bg5 a6
8. Na3 b5 9. Nd5 Be7 10. Bxf6 Bxf6 11. c3 O-O 12. Nc2 Rb8 13. Bd3 Be6 14.
Nce3 Bg5 15. O-O Bxe3 16. Nxe3 Ne7 17. Nd5 h6 18. Ne3 Qd7 19. Qe2 Rfd8 20.
Rad1 Qc6 21. Bb1 a5 22. Rd2 b4 23. Qd3 d5 24. exd5 Nxd5 25. c4 Nf6 26.
Qxd8+ Rxd8 27. Rxd8+ Ne8 28. Rfd1 g6 29. R1d6 Qxd6 30. Rxd6 Nxd6 31. b3 Kf8
32. Kf1 Ke7 33. Ke2 g5 34. g4 Kd7 35. Nf5 Bxf5 36. Bxf5+ Kc6 37. Ke3 Kc5
38. Be4 f6 39. Bd5 Kb6 40. Be4 Kc5 41. Bd5 Ne8 42. Ke4 Ng7 43. Bf7 Kd6 44.
h3 Ke7 45. Bd5 Kd6 46. Bf7 { Game drawn by mutual agreement } 1/2-1/2

[Event "ICC tourney 2395 (75 10)"]
[Site "Internet Chess Club"]
[Date "2021.02.20"]
[Round "2"]
[White "Florina12345"]
[Black "Paladin51"]
[Result "0-1"]
[ICCResult "White resigns"]
[WhiteElo "1369"]
[BlackElo "1524"]
[Opening "Sicilian: Taimanov variation"]
[ECO "B48"]
[NIC "SI.40"]
[Time "14:32:16"]
[PlyCount "88"]
[TimeControl "4500+10"]

1. e4 c5 2. Nf3 e6 3. d4 cxd4 4. Nxd4 Nc6 5. Nc3 Qc7 6. Be3 a6 7. Bc4 Nf6
8. O-O Bb4 9. f3 O-O 10. a3 Bxc3 11. bxc3 Na5 12. Bd3 Qxc3 13. Ne2 Qc6 14.
Qe1 Nc4 15. Nd4 Qc7 16. Kh1 Nxe3 17. Qxe3 d6 18. f4 e5 19. fxe5 dxe5 20.
Nf5 Bxf5 21. Rxf5 Rae8 22. Raf1 Re6 23. Qg3 Kh8 24. Qf3 Kg8 25. g4 Ne8 26.
Qg3 Rf6 27. Rxe5 Rxf1+ 28. Bxf1 Qxc2 29. g5 Qb1 30. Qd3 Qa1 31. Re7 Nd6 32.
Kg2 Qb2+ 33. Kg3 Nb5 34. Rxb7 Qe5+ 35. Kh3 Qxg5 36. a4 h5 37. Be2 Rd8 38.
Qf3 Nd6 39. Ra7 Re8 40. Rxa6 Nxe4 41. Rc6 Nf2+ 42. Qxf2 Re3+ 43. Qg3 Qf5+
44. Kg2 Rxe2+ { White resigns } 0-1

[Event "ICC tourney 2395 (75 10)"]
[Site "Internet Chess Club"]
[Date "2021.02.20"]
[Round "3"]
[White "Kokosnuss1000"]
[Black "joeandjoe28"]
[Result "0-1"]
[ICCResult "White resigns"]
[WhiteElo "1450"]
[BlackElo "1412"]
[Opening "Four knights: Spanish, classical defense"]
[ECO "C48"]
[NIC "KP.03"]
[Time "18:01:28"]
[PlyCount "48"]
[TimeControl "4500+10"]

1. e4 e5 2. Nf3 Nc6 3. Nc3 Nf6 4. Bb5 Bc5 5. Nxe5 Nxe5 6. d4 Bd6 7. dxe5
Bxe5 8. Bg5 O-O 9. O-O c6 10. Bd3 h6 11. Bh4 d6 12. f4 Bd4+ 13. Kh1 Qc7 14.
Bxf6 Bxf6 15. f5 Re8 16. Qg4 d5 17. Rf3 Bd7 18. Rh3 Kh8 19. exd5 Bxc3 20.
bxc3 cxd5 21. Rf1 Qe5 22. Rf4 Qxc3 23. f6 Re1+ 24. Rf1 Bxg4 { White resigns
} 0-1

[Event "ICC tourney 2395 (75 10)"]
[Site "Internet Chess Club"]
[Date "2021.02.20"]
[Round "3"]
[White "BoboTheBox"]
[Black "sganzb00"]
[Result "1-0"]
[ICCResult "Black checkmated"]
[WhiteElo "1395"]
[BlackElo "1461"]
[Opening "Scotch game"]
[ECO "C45"]
[NIC "SO.04"]
[Time "18:01:36"]
[PlyCount "81"]
[TimeControl "4500+10"]

1. e4 e5 2. Nf3 Nc6 3. d4 exd4 4. Nxd4 d6 5. Nc3 Nf6 6. Be2 Be7 7. O-O O-O
8. Be3 Ne5 9. f4 Ng6 10. Kh1 Qd7 11. Rf3 a6 12. Rg3 b6 13. f5 Ne5 14. Bh6
Ne8 15. Nd5 Kh8 16. f6 gxh6 17. fxe7 Rg8 18. Rxg8+ Kxg8 19. Nf5 Qe6 20. Bg4
Nxg4 21. Qxg4+ Kh8 22. Nxc7 Qg6 23. Qxg6 hxg6 24. Nxa8 gxf5 25. Nxb6 Be6
26. exf5 Bxf5 27. Nc4 Bd3 28. cxd3 Kg7 29. Re1 f6 30. Nxd6 Nxd6 31. e8=Q
Nxe8 32. Rxe8 Kf7 33. Re1 f5 34. d4 Kf6 35. d5 Kf7 36. d6 Kf6 37. d7 Kf7
38. d8=Q Kg6 39. Re6+ Kg7 40. Qd7+ Kg8 41. Re8# { Black checkmated } 1-0

[Event "ICC tourney 2395 (75 10)"]
[Site "Internet Chess Club"]
[Date "2021.02.20"]
[Round "3"]
[White "marinaxiao"]
[Black "hello12"]
[Result "1-0"]
[ICCResult "Black resigns"]
[WhiteElo "1493"]
[BlackElo "1423"]
[Opening "Sicilian: Anderssen variation"]
[ECO "B41"]
[NIC "SI.41"]
[Time "18:01:33"]
[PlyCount "51"]
[TimeControl "4500+10"]

1. e4 c5 2. Nf3 e6 3. d4 cxd4 4. Nxd4 Nf6 5. Nc3 Nc6 6. Be3 Bb4 7. Bd3 d5
8. exd5 Nxd5 9. Nxc6 bxc6 10. Bd2 O-O 11. O-O Bd6 12. Nxd5 cxd5 13. Qh5 g6
14. Qh6 Be5 15. c3 Bg7 16. Qe3 Qd6 17. Qg5 d4 18. Be4 Rb8 19. Rab1 dxc3 20.
Bxc3 f6 21. Qh4 e5 22. a3 Be6 23. Bb4 Rxb4 24. axb4 Qxb4 25. g3 g5 26.
Bxh7+ { Black resigns } 1-0

[Event "ICC tourney 2395 (75 10)"]
[Site "Internet Chess Club"]
[Date "2021.02.20"]
[Round "3"]
[White "ZYCON"]
[Black "yogokings12"]
[Result "0-1"]
[ICCResult "White resigns"]
[WhiteElo "1458"]
[BlackElo "1574"]
[Opening "Grünfeld: modern exchange variation"]
[ECO "D85"]
[NIC "GI.04"]
[Time "18:01:29"]
[PlyCount "124"]
[TimeControl "4500+10"]

1. d4 Nf6 2. c4 g6 3. Nc3 d5 4. cxd5 Nxd5 5. e4 Nxc3 6. bxc3 Bg7 7. Nf3 c5
8. Be3 Qa5 9. Bd2 Qd8 10. Be3 O-O 11. Be2 Nc6 12. Rc1 cxd4 13. cxd4 Qa5+
14. Qd2 Qxd2+ 15. Kxd2 Bg4 16. d5 Bxf3 17. Bxf3 Ne5 18. Be2 Rfc8 19. f4 Nd7
20. Bg4 Rd8 21. Rc7 Nf6 22. Bf3 e6 23. Rxb7 exd5 24. e5 Ne4+ 25. Bxe4 dxe4+
26. Ke2 Rac8 27. Rxa7 Rc2+ 28. Ke1 Bf8 29. Ra4 Rb2 30. Rf1 Bb4+ 31. Rxb4
Rxb4 32. Kf2 Rb2+ 33. Kg1 Rxa2 34. Rc1 Rd3 35. Re1 Rda3 36. Bd4 Rb3 37. h3
Rd3 38. Be3 Rc2 39. Kh2 Kf8 40. h4 Ke7 41. Kh1 Ke6 42. g4 Kd5 43. Kg1 h5
44. g5 Ke6 45. Kh1 Kf5 46. Kg1 Rxe3 47. Rxe3 Kxf4 48. Rh3 Kxe5 49. Ra3 Kf4
50. Ra7 Kg3 51. Kf1 Kxh4 52. Rxf7 Kxg5 53. Re7 Kf5 54. Ke1 h4 55. Rh7 g5
56. Kf1 e3 57. Ke1 Kg4 58. Re7 e2 59. Kf2 h3 60. Rh7 h2 61. Rxh2 e1=Q+ 62.
Kxe1 Rxh2 { White resigns } 0-1

[Event "ICC tourney 2395 (75 10)"]
[Site "Internet Chess Club"]
[Date "2021.02.20"]
[Round "3"]
[White "EricCheng-131"]
[Black "phosur"]
[Result "1-0"]
[ICCResult "Black resigns"]
[WhiteElo "1340"]
[BlackElo "1301"]
[Opening "Giuoco Piano"]
[ECO "C54"]
[NIC "IG.02"]
[Time "18:01:28"]
[PlyCount "87"]
[TimeControl "4500+10"]

1. e4 e5 2. Nf3 Nc6 3. Bc4 Bc5 4. c3 Nf6 5. d4 exd4 6. cxd4 Bb4+ 7. Bd2
Bxd2+ 8. Nbxd2 d5 9. exd5 Nxd5 10. O-O O-O 11. Re1 Nf6 12. Ne4 Bg4 13. h3
Nxe4 14. Rxe4 Bxf3 15. Qxf3 Nxd4 16. Qg4 Nc6 17. Rd1 Qf6 18. Rf4 Ne5 19.
Rxf6 Nxg4 20. Bxf7+ Rxf7 21. Rxf7 Kxf7 22. hxg4 Ke7 23. Kh2 Rd8 24. Rxd8
Kxd8 25. Kg3 Kd7 26. Kf4 Kd6 27. Kf5 Kd5 28. g5 c5 29. Kf4 Kd4 30. Kf5 Kd5
31. Kf4 g6 32. Ke3 b5 33. Kd3 a5 34. b3 c4+ 35. bxc4+ bxc4+ 36. Kc3 Ke5 37.
Kxc4 Kf5 38. Kb5 Kxg5 39. Kxa5 Kf4 40. Kb4 h5 41. a4 Ke5 42. Kb5 g5 43. a5
g4 44. a6 { Black resigns } 1-0

[Event "ICC tourney 2395 (75 10)"]
[Site "Internet Chess Club"]
[Date "2021.02.20"]
[Round "3"]
[White "Jesserocks135"]
[Black "sassymareese"]
[Result "0-1"]
[ICCResult "White resigns"]
[WhiteElo "1364"]
[BlackElo "1380"]
[Opening "QGD Slav defense: exchange variation"]
[ECO "D10"]
[NIC "SL.01"]
[Time "18:01:28"]
[PlyCount "56"]
[TimeControl "4500+10"]

1. d4 d5 2. c4 c6 3. cxd5 cxd5 4. Nc3 Nf6 5. Bf4 e6 6. Nf3 Nc6 7. e3 Bd6 8.
Bg5 O-O 9. Be2 h6 10. Bh4 a6 11. Rc1 Bd7 12. O-O Rc8 13. e4 dxe4 14. Nxe4
Be7 15. Nxf6+ Bxf6 16. Bg5 Bxg5 17. Rc5 Bf6 18. Re1 Nxd4 19. Rxc8 Nxe2+ 20.
Rxe2 Bxc8 21. Rd2 Qe7 22. Qb3 Rd8 23. Qc2 Rxd2 24. Nxd2 Qd8 25. Ne4 Bd7 26.
b3 Bc6 27. Nc5 Bc3 28. h3 Qd5 { White resigns } 0-1

[Event "ICC tourney 2395 (75 10)"]
[Site "Internet Chess Club"]
[Date "2021.02.20"]
[Round "3"]
[White "jojoraman"]
[Black "MathMonkey"]
[Result "0-1"]
[ICCResult "White checkmated"]
[WhiteElo "1379"]
[BlackElo "1332"]
[Opening "Scotch game"]
[ECO "C45"]
[NIC "SO.05"]
[Time "18:01:44"]
[PlyCount "88"]
[TimeControl "4500+10"]

1. e4 e5 2. Nf3 Nc6 3. d4 exd4 4. Nxd4 Bc5 5. Be3 Qf6 6. c3 Nge7 7. Bc4 O-O
8. O-O a6 9. Bb3 d6 10. Nxc6 Nxc6 11. Bxc5 dxc5 12. Nd2 Be6 13. Nf3 Rad8
14. Qc2 Bg4 15. Nd2 Be2 16. Rfe1 Bd3 17. Qc1 b5 18. Bc2 c4 19. Nf3 Rd7 20.
e5 Qg6 21. Bxd3 Rxd3 22. Re3 Rfd8 23. Ne1 R3d7 24. Rg3 Qe6 25. Re3 Rd5 26.
f4 Qd7 27. b3 Qe7 28. Rg3 Qc5+ 29. Kh1 Rd2 30. Nf3 R2d3 31. h3 Qf2 32. Rg4
Ne7 33. Nd4 c5 34. f5 cxd4 35. Qg5 g6 36. fxg6 hxg6 37. Rh4 dxc3 38. Qh6
Rd1+ 39. Rxd1 Rxd1+ 40. Kh2 Qg1+ 41. Kg3 Rd3+ 42. Kg4 Qd4+ 43. Kg5 Qxe5+
44. Kg4 Rg3# { White checkmated } 0-1

[Event "ICC tourney 2395 (75 10)"]
[Site "Internet Chess Club"]
[Date "2021.02.20"]
[Round "3"]
[White "missqueen"]
[Black "Florina12345"]
[Result "0-1"]
[ICCResult "White checkmated"]
[WhiteElo "1310"]
[BlackElo "1369"]
[Opening "Giuoco Piano"]
[ECO "C54"]
[NIC "IG.02"]
[Time "18:02:06"]
[PlyCount "70"]
[TimeControl "4500+10"]

1. e4 e5 2. Nf3 Nc6 3. Bc4 Bc5 4. c3 Nf6 5. d3 d6 6. a4 a6 7. b4 Ba7 8. O-O
O-O 9. Nbd2 Be6 10. Re1 Bxc4 11. Nxc4 b5 12. Ne3 Bb6 13. Nd5 Nxd5 14. exd5
Ne7 15. a5 Ba7 16. c4 Rb8 17. Rb1 c5 18. Bd2 Ng6 19. Re4 f5 20. Re3 Nh4 21.
h3 bxc4 22. dxc4 cxb4 23. Reb3 Nxf3+ 24. Qxf3 e4 25. Qg3 Qf6 26. Bxb4 f4
27. Qg4 e3 28. fxe3 fxe3 29. Bc3 e2+ 30. Kh1 Qf1+ 31. Kh2 Bg1+ 32. Kh1 Be3+
33. Kh2 Bf4+ 34. g3 Bxg3+ 35. Kxg3 Qf2# { White checkmated } 0-1

[Event "ICC tourney 2395 (75 10)"]
[Site "Internet Chess Club"]
[Date "2021.02.20"]
[Round "3"]
[White "niftyfountain"]
[Black "akshajp"]
[Result "1-0"]
[ICCResult "Black checkmated"]
[WhiteElo "1330"]
[BlackElo "1392"]
[Opening "Sicilian: Pelikan, Chelyabinsk variation"]
[ECO "B33"]
[NIC "SI.37"]
[Time "18:01:31"]
[PlyCount "137"]
[TimeControl "4500+10"]

1. e4 c5 2. Nf3 Nc6 3. d4 cxd4 4. Nxd4 Nf6 5. Nc3 e5 6. Ndb5 d6 7. Bg5 a6
8. Na3 b5 9. Nd5 Be7 10. Nxe7 Qxe7 11. c3 Qe6 12. Bxf6 Qxf6 13. Bd3 Qg5 14.
Qf3 h5 15. Qg3 Qf6 16. Nc2 Ne7 17. Ne3 h4 18. Qf3 Qxf3 19. gxf3 Bb7 20. Rg1
g6 21. Rd1 O-O-O 22. Ke2 d5 23. Rc1 Kb8 24. Ng4 dxe4 25. Bxe4 Bxe4 26. fxe4
Nc6 27. Rcd1 Kc7 28. Rd5 Rxd5 29. exd5 Nd8 30. Rd1 Nb7 31. Kf1 Re8 32. Nf6
Rd8 33. Ng4 e4 34. Rd4 Nd6 35. Nf6 e3 36. fxe3 Nc4 37. Ke2 Nxb2 38. Rxh4
Na4 39. Kd3 Kd6 40. e4 Ke5 41. Ng4+ Kf4 42. Ne3+ Ke5 43. Ng4+ Kf4 44. Nh6+
Kf3 45. Nxf7 Rc8 46. Ne5+ Kf2 47. Nc6 Nb2+ 48. Kd4 Nc4 49. Rg4 Rg8 50. Ne5
Nxe5 51. Kxe5 g5 52. d6 Kf3 53. Rg3+ Ke2 54. d7 Rd8 55. Kd6 Rxd7+ 56. Kxd7
Kd2 57. Rxg5 Kc2 58. h4 Kxc3 59. h5 Kd4 60. e5 Kd5 61. h6 Kc5 62. h7 Kb4
63. h8=Q Kc5 64. Qf8+ Kb6 65. Rg6+ Ka7 66. Qc5+ Ka8 67. Rg8+ Kb7 68. Qc6+
Ka7 69. Ra8# { Black checkmated } 1-0